TOP OF THE 1ST |
Spokane Indians batting - Pitching for Aberdeen Ironbirds : RHP Bryant Orr
|
Pitching: RHP Bryant Orr
|
|
Batting: RHB Dennis Daniels
|
0-0: Called Strike 0-1: Ball 1-1: SINGLE (Groundball, 15S, EV 69.4 MPH) (infield hit)
|
Batting: RHB Jesse White
|
0-0: Ball Dennis Daniels steals 2nd base (no throw) 1-0: Called Strike 1-1: Ball 2-1: Ground out 4-3 (Groundball, 4, EV 105.0 MPH) Dennis Daniels to third
|
Batting: RHB Andrew Clarke
|
0-0: Foul Ball, location: 2F 0-1: Ground out 5-3 (Groundball, 56, EV 87.5 MPH) Dennis Daniels scores
|
Batting: RHB Dale Aubrey
|
0-0: Called Strike 0-1: Swinging Strike 0-2: Ball 1-2: Strikes out looking
|
Top of the 1st over - 1 run, 1 hit, 0 errors, 0 left on base; Spokane 1 - Aberdeen 0 |
BOTTOM OF THE 1ST |
Aberdeen Ironbirds batting - Pitching for Spokane Indians : RHP Erik Sever
|
Pitching: RHP Erik Sever
|
|
Batting: LHB Eric Jackson
|
0-0: Called Strike 0-1: Ball 1-1: Ball 2-1: SINGLE (Flyball, 3D, EV 96.9 MPH)
|
Batting: LHB Rodolfo Montes
|
0-0: Fly out, F8 (Line Drive, 8RD, EV 85.0 MPH)
|
Batting: RHB J.J. Basil
|
0-0: Ball 1-0: Called Strike Eric Jackson is caught stealing 2nd base 2-4 1-1: SINGLE (Groundball, 6M, EV 101.9 MPH)
|
Batting: RHB Jeremy Sipe
|
0-0: Called Strike J.J. Basil steals 2nd base 0-1: Ball 1-1: Swinging Strike 1-2: Ground out 6-3 (Groundball, 6, EV 105.6 MPH)
|
Bottom of the 1st over - 0 runs, 2 hits, 0 errors, 1 left on base; Spokane 1 - Aberdeen 0 |
TOP OF THE 2ND |
Spokane Indians batting - Pitching for Aberdeen Ironbirds : RHP Bryant Orr
|
Batting: RHB David Fernandez
|
0-0: Ball 1-0: Foul Ball, location: 2F 1-1: Ball 2-1: Foul Ball, location: 2F 2-2: SOLO HOME RUN (Flyball, 7D, EV 99.4 MPH), Distance : 397 ft
|
Batting: RHB Matt Strong
|
0-0: Ground out 1-3 (Groundball, 34S, EV 73.1 MPH)
|
Batting: RHB Gavin Fimple
|
0-0: Ball 1-0: SINGLE (Line Drive, 9S, EV 106.3 MPH)
|
Batting: RHB Shoh Tanioka
|
0-0: Ball Gavin Fimple steals 2nd base 1-0: Ball 2-0: Ball Gavin Fimple steals 3rd base 3-0: Called Strike 3-1: Foul Ball, location: 2F 3-2: Base on Balls
|
Batting: RHB Zi-jing Wang
|
0-0: Ball 1-0: Called Strike 1-1: Swinging Strike 1-2: Ball 2-2: Strikes out swinging
|
Batting: RHB Dennis Daniels
|
0-0: Ball 1-0: Called Strike 1-1: Ball 2-1: Called Strike 2-2: Foul Ball, location: 2F 2-2: Foul Ball, location: 2F 2-2: Ball 3-2: Foul Ball, location: 2F 3-2: Strikes out swinging
|
Top of the 2nd over - 1 run, 2 hits, 0 errors, 2 left on base; Spokane 2 - Aberdeen 0 |
BOTTOM OF THE 2ND |
Aberdeen Ironbirds batting - Pitching for Spokane Indians : RHP Erik Sever
|
Batting: LHB Tomas de Zeeuw
|
0-0: Fly out, F8 (Flyball, 8RXD, EV 91.9 MPH)
|
Batting: LHB Antonio Cantu
|
0-0: Ball 1-0: SINGLE (Flyball, 9S, EV 85.0 MPH)
|
Batting: RHB Juan Estrada
|
0-0: Swinging Strike 0-1: Ball 1-1: Called Strike 1-2: Ball 2-2: Foul Ball, location: 2F 2-2: Strikes out swinging
|
Batting: RHB Fernando Bravo
|
0-0: Ball 1-0: Ball 2-0: Called Strike 2-1: Called Strike 2-2: Strikes out swinging
|
Bottom of the 2nd over - 0 runs, 1 hit, 0 errors, 1 left on base; Spokane 2 - Aberdeen 0 |
TOP OF THE 3RD |
Spokane Indians batting - Pitching for Aberdeen Ironbirds : RHP Bryant Orr
|
Batting: RHB Jesse White
|
0-0: Called Strike 0-1: Foul Ball, location: 2F 0-2: Fly out, F9 (Flyball, 89XD, EV 101.9 MPH)
|
Batting: RHB Andrew Clarke
|
0-0: Ball 1-0: Ball 2-0: Ball 3-0: Called Strike 3-1: Foul Ball, location: 2F 3-2: Base on Balls
|
Batting: RHB Dale Aubrey
|
0-0: Ball 1-0: Ball 2-0: Called Strike Andrew Clarke is caught stealing 2nd base 2-4 2-1: Ball 3-1: Foul Ball, location: 2F 3-2: Base on Balls
|
Batting: RHB David Fernandez
|
0-0: Ball Dale Aubrey is caught stealing 2nd base 2-4
|
Top of the 3rd over - 0 runs, 0 hits, 0 errors, 0 left on base; Spokane 2 - Aberdeen 0 |
BOTTOM OF THE 3RD |
Aberdeen Ironbirds batting - Pitching for Spokane Indians : RHP Erik Sever
|
Batting: RHB Ioan Biros
|
0-0: Ground out 6-3 (Groundball, 6S, EV 84.4 MPH)
|
Batting: LHB Eric Jackson
|
0-0: Ball 1-0: Fly out, F7 (Line Drive, 7D, EV 94.4 MPH)
|
Batting: LHB Rodolfo Montes
|
0-0: Ball 1-0: Foul Ball, location: 2F 1-1: Ball 2-1: Foul Ball, location: 2F 2-2: Ground out 2-3 (Groundball, 13S, EV 60.6 MPH)
|
Bottom of the 3rd over - 0 runs, 0 hits, 0 errors, 0 left on base; Spokane 2 - Aberdeen 0 |
TOP OF THE 4TH |
Spokane Indians batting - Pitching for Aberdeen Ironbirds : RHP Bryant Orr
|
Batting: RHB David Fernandez
|
0-0: Called Strike 0-1: Swinging Strike 0-2: Strikes out swinging
|
Pitching: LHP Josh Binyon
|
|
Batting: RHB Matt Strong
|
0-0: Ball 1-0: Called Strike 1-1: Ball 2-1: SINGLE (Line Drive, 89M, EV 101.9 MPH)
|
Batting: RHB Gavin Fimple
|
0-0: Swinging Strike 0-1: Ball 1-1: Swinging Strike 1-2: Foul Ball, location: 2F 1-2: SINGLE (Line Drive, 4MD, EV 100.0 MPH) Matt Strong to second
|
Batting: RHB Shoh Tanioka
|
0-0: Ball 1-0: Swinging Strike 1-1: Foul Ball, location: 2F 1-2: SINGLE (Groundball, 6MD, EV 107.5 MPH) Matt Strong to third Gavin Fimple to second
|
Batting: RHB Zi-jing Wang
|
0-0: Called Strike 0-1: Foul Ball, location: 2F 0-2: Strikes out swinging
|
Batting: RHB Dennis Daniels
|
0-0: Called Strike 0-1: Called Strike 0-2: Foul Ball, location: 2F 0-2: Ball 1-2: Ball 2-2: Strikes out swinging
|
Top of the 4th over - 0 runs, 3 hits, 0 errors, 3 left on base; Spokane 2 - Aberdeen 0 |
BOTTOM OF THE 4TH |
Aberdeen Ironbirds batting - Pitching for Spokane Indians : RHP Erik Sever
|
Batting: RHB J.J. Basil
|
0-0: Ball 1-0: Swinging Strike 1-1: Foul Ball, location: 2F 1-2: Ball 2-2: Strikes out swinging
|
Batting: RHB Jeremy Sipe
|
0-0: Ball 1-0: Ball 2-0: Ball 3-0: Base on Balls
|
Batting: LHB Tomas de Zeeuw
|
0-0: Ball Jeremy Sipe steals 2nd base 1-0: Fly out, F6 (Line Drive, 6, EV 65.6 MPH) Lined into DP, 6-4 (Line Drive, 6, EV 65.6 MPH)
|
Bottom of the 4th over - 0 runs, 0 hits, 0 errors, 0 left on base; Spokane 2 - Aberdeen 0 |
TOP OF THE 5TH |
Spokane Indians batting - Pitching for Aberdeen Ironbirds : LHP Josh Binyon
|
Batting: RHB Jesse White
|
0-0: Called Strike 0-1: Ball 1-1: Ball 2-1: Ball 3-1: Base on Balls
|
Batting: RHB Andrew Clarke
|
0-0: Ball 1-0: Ball 2-0: Ball 3-0: Called Strike 3-1: Base on Balls Jesse White to second
|
Batting: RHB Dale Aubrey
|
0-0: Ball 1-0: Swinging Strike 1-1: Called Strike 1-2: Ball 2-2: Strikes out looking
|
Batting: RHB David Fernandez
|
0-0: Foul Ball, location: 2F 0-1: Ball 1-1: 3-RUN HOME RUN (Flyball, 9LD, EV 93.1 MPH), Distance : 346 ft
|
Batting: RHB Matt Strong
|
0-0: Called Strike 0-1: Ball 1-1: Ball 2-1: Ground out 4-3 (Groundball, 4M, EV 103.1 MPH)
|
Batting: RHB Gavin Fimple
|
0-0: Called Strike 0-1: Ball 1-1: Swinging Strike 1-2: Strikes out swinging
|
Top of the 5th over - 3 runs, 1 hit, 0 errors, 0 left on base; Spokane 5 - Aberdeen 0 |
BOTTOM OF THE 5TH |
Aberdeen Ironbirds batting - Pitching for Spokane Indians : RHP Erik Sever
|
Batting: LHB Antonio Cantu
|
0-0: Ball 1-0: Ball 2-0: Ball 3-0: Called Strike 3-1: SINGLE (Groundball, 34D, EV 106.9 MPH)
|
Batting: RHB Juan Estrada
|
0-0: Grounds into double play, 6-4-3 (Groundball, 6, EV 87.5 MPH)
|
Batting: RHB Fernando Bravo
|
0-0: Ground out 4-3 (Groundball, 4, EV 106.9 MPH)
|
Bottom of the 5th over - 0 runs, 1 hit, 0 errors, 0 left on base; Spokane 5 - Aberdeen 0 |
TOP OF THE 6TH |
Spokane Indians batting - Pitching for Aberdeen Ironbirds : LHP Josh Binyon
|
Batting: RHB Shoh Tanioka
|
0-0: Foul Ball, location: 2F 0-1: Called Strike 0-2: Strikes out swinging
|
Batting: RHB Zi-jing Wang
|
0-0: Foul Ball, location: 2F 0-1: DOUBLE (Line Drive, 7LD, EV 106.9 MPH)
|
Pitching: RHP David Burrus
|
|
Batting: RHB Dennis Daniels
|
0-0: Ball 1-0: TRIPLE (Flyball, 89XD, EV 104.4 MPH) Zi-jing Wang scores
|
Batting: RHB Jesse White
|
0-0: Foul Ball, location: 2F 0-1: Called Strike 0-2: Ball 1-2: Strikes out looking
|
Batting: RHB Andrew Clarke
|
0-0: Ball 1-0: Ball 2-0: Ball 3-0: Base on Balls
|
Batting: RHB Dale Aubrey
|
0-0: Swinging Strike 0-1: Swinging Strike 0-2: Strikes out swinging
|
Top of the 6th over - 1 run, 2 hits, 0 errors, 2 left on base; Spokane 6 - Aberdeen 0 |
BOTTOM OF THE 6TH |
Aberdeen Ironbirds batting - Pitching for Spokane Indians : RHP Erik Sever
|
Batting: RHB Ioan Biros
|
0-0: Ball 1-0: Called Strike 1-1: Foul Ball, location: 2F 1-2: Ball 2-2: Ball 3-2: Ground out 4-3 (Groundball, 34, EV 85.0 MPH)
|
Batting: LHB Eric Jackson
|
0-0: Ground out 1-3 (Groundball, 13S, EV 63.8 MPH)
|
Batting: LHB Rodolfo Montes
|
0-0: Ball 1-0: Ball 2-0: Ball 3-0: Base on Balls
|
Batting: RHB J.J. Basil
|
0-0: Ball 1-0: Ball 2-0: Called Strike 2-1: Foul Ball, location: 2F 2-2: Ball 3-2: Reached on error, E5 (Groundball, 5, EV 96.3 MPH) Rodolfo Montes to second
|
Batting: RHB Jeremy Sipe
|
0-0: Ball 1-0: Swinging Strike 1-1: Ball 2-1: Called Strike 2-2: Strikes out swinging
|
Bottom of the 6th over - 0 runs, 0 hits, 1 error, 2 left on base; Spokane 6 - Aberdeen 0 |
TOP OF THE 7TH |
Spokane Indians batting - Pitching for Aberdeen Ironbirds : RHP David Burrus
|
Batting: RHB David Fernandez
|
0-0: Ball 1-0: Ball 2-0: Ball 3-0: Base on Balls
|
Batting: RHB Matt Strong
|
0-0: Foul Ball, location: 2F 0-1: Ball 1-1: Grounds into double play, 4-6-3 (Groundball, 4, EV 83.1 MPH)
|
Batting: RHB Gavin Fimple
|
0-0: Ball 1-0: Ball 2-0: Swinging Strike 2-1: Swinging Strike 2-2: Strikes out swinging
|
Top of the 7th over - 0 runs, 0 hits, 0 errors, 0 left on base; Spokane 6 - Aberdeen 0 |
BOTTOM OF THE 7TH |
Aberdeen Ironbirds batting - Pitching for Spokane Indians : RHP Erik Sever
|
Now at 2B: Knud Prins
|
|
Batting: LHB Tomas de Zeeuw
|
0-0: Ground out U3 (Groundball, 3S, EV 88.1 MPH)
|
Batting: LHB Antonio Cantu
|
0-0: Ball 1-0: Ball 2-0: Ball 3-0: Base on Balls
|
Batting: RHB Juan Estrada
|
0-0: Ball 1-0: Called Strike 1-1: Ball 2-1: Swinging Strike 2-2: Strikes out swinging
|
Batting: RHB Fernando Bravo
|
0-0: Called Strike 0-1: Swinging Strike 0-2: Ball 1-2: Ball 2-2: Fly out, F8 (Flyball, 8LM, EV 97.5 MPH)
|
Bottom of the 7th over - 0 runs, 0 hits, 0 errors, 1 left on base; Spokane 6 - Aberdeen 0 |
TOP OF THE 8TH |
Spokane Indians batting - Pitching for Aberdeen Ironbirds : RHP David Burrus
|
Batting: RHB Shoh Tanioka
|
0-0: Fly out, F7 (Flyball, 7S, EV 84.4 MPH)
|
Batting: RHB Zi-jing Wang
|
0-0: Called Strike 0-1: Swinging Strike 0-2: Strikes out swinging
|
Batting: RHB Dennis Daniels
|
0-0: Ball 1-0: Ball 2-0: Fly out, F6 (Popup, 6S, EV 87.5 MPH)
|
Top of the 8th over - 0 runs, 0 hits, 0 errors, 0 left on base; Spokane 6 - Aberdeen 0 |
BOTTOM OF THE 8TH |
Aberdeen Ironbirds batting - Pitching for Spokane Indians : RHP Erik Sever
|
Batting: RHB Ioan Biros
|
0-0: Ball 1-0: Foul Ball, location: 2F 1-1: Ground out 6-3 (Groundball, 56, EV 106.3 MPH)
|
Batting: LHB Eric Jackson
|
0-0: SOLO HOME RUN (Flyball, 9D, EV 97.5 MPH), Distance : 391 ft
|
Batting: LHB Rodolfo Montes
|
0-0: Called Strike 0-1: Foul Ball, location: 2F 0-2: Ball 1-2: TRIPLE (Flyball, 78XD, EV 107.5 MPH)
|
Batting: RHB J.J. Basil
|
0-0: Called Strike 0-1: Ball 1-1: Ball 2-1: Foul Ball, location: 2F 2-2: Ball 3-2: Foul Ball, location: 2F 3-2: Ground out 5-3 (Groundball, 56, EV 101.3 MPH) Rodolfo Montes scores
|
Batting: RHB Jeremy Sipe
|
0-0: Ball 1-0: Ball 2-0: Swinging Strike 2-1: Ball 3-1: Ground out 4-3 (Groundball, 4, EV 110.6 MPH)
|
Bottom of the 8th over - 2 runs, 2 hits, 0 errors, 0 left on base; Spokane 6 - Aberdeen 2 |
TOP OF THE 9TH |
Spokane Indians batting - Pitching for Aberdeen Ironbirds : RHP David Burrus
|
Pitching: LHP Chris Brown
|
|
Batting: RHB Jesse White
|
0-0: Ball 1-0: Ground out 5-3 (Groundball, 56, EV 103.8 MPH)
|
Batting: RHB Knud Prins
|
0-0: Ball 1-0: Ball 2-0: Called Strike 2-1: Swinging Strike 2-2: Ball 3-2: Foul Ball, location: 2F 3-2: Base on Balls
|
Batting: RHB Dale Aubrey
|
0-0: Foul Ball, location: 2F 0-1: 2-RUN HOME RUN (Flyball, 8RXD, EV 116.3 MPH), Distance : 462 ft
|
Batting: RHB David Fernandez
|
0-0: Ball 1-0: Foul Ball, location: 2F 1-1: Ball 2-1: Ball 3-1: Foul Ball, location: 2F 3-2: Base on Balls
|
Batting: RHB Matt Strong
|
0-0: Foul Ball, location: 2F 0-1: Swinging Strike 0-2: Foul Ball, location: 2F 0-2: Ball 1-2: Strikes out looking
|
Batting: RHB Gavin Fimple
|
0-0: Ball 1-0: Ground out 1-3 (Groundball, 13S, EV 62.5 MPH)
|
Top of the 9th over - 2 runs, 1 hit, 0 errors, 1 left on base; Spokane 8 - Aberdeen 2 |
BOTTOM OF THE 9TH |
Aberdeen Ironbirds batting - Pitching for Spokane Indians : RHP Erik Sever
|
Now at 1B: Tony Mendez
|
|
Batting: LHB Tomas de Zeeuw
|
0-0: Called Strike 0-1: SINGLE (Groundball, 56D, EV 98.1 MPH)
|
Batting: LHB Antonio Cantu
|
0-0: Foul Ball, location: 2F 0-1: Ball 1-1: Ball 2-1: Foul Ball, location: 2F 2-2: Strikes out swinging
|
Pinch Hitting: LHB Shane Free
|
0-0: Called Strike 0-1: Fly out, F3 (Popup, 34S, EV 82.5 MPH)
|
Pitching: RHP Toby Williams
|
|
Batting: RHB Fernando Bravo
|
0-0: DOUBLE (Line Drive, 78D, EV 106.3 MPH) Tomas de Zeeuw to third
|
Batting: RHB Ioan Biros
|
0-0: Called Strike 0-1: Called Strike 0-2: Ball 1-2: Strikes out looking
|
Bottom of the 9th over - 0 runs, 2 hits, 0 errors, 2 left on base; Spokane 8 - Aberdeen 2 |
|